Cogmind - Beta 16 @@@ ROGUE MODE // 2025.11.01 @ 22:07:40 Player: LightKnight Result: Self-destructed Performance ------------- Evolutions (4) 2000 Regions Visited (18) 3600 Robots Destroyed (250) 1250 Value Destroyed (9684) 9684 Prototype IDs (54) 1080 Alien Tech Used (0) 0 Bonus (6662) 6662 TOTAL SCORE: 24276 Bonus ------- High Alert Combat Kills 1080 Follower Combat Kills 1200 Entered Garrisons 800 Used RIF Installer 3000 Aligned with FarCom 300 Met Data Miner 300 Friendly Fire -18 Cogmind --------- Core Integrity 671/850 Matter 171/300 Energy 290/290 System Corruption 7% Temperature Cool (0) Movement Rolling (300) Ox14 Location -6/Data Miner Parts ------- > --- POWER (1) -------- Improved Deuterium Engine > --- PROPULSION (3) --- Compact Wheel (fused) > --- UTILITY (8) ------ Humpback Experimental Sensor Array Advanced Signal Interpreter Relay Coupler [Swarmer] (15) Relay Coupler [Grunt] (26) > --- WEAPON (3) ------- Heavy Linear Accelerator > --- INVENTORY (35) --- F-cell Engine Humpback Enhanced Optical Array Improved Light Armor Plating Relay Coupler [NC] (37) Relay Coupler [NC] (41) Relay Coupler [Swarmer] (39) Relay Coupler [Swarmer] (37) Relay Coupler [Swarmer] (34) Relay Coupler [Cutter] (26) Relay Coupler [Grunt] (23) Relay Coupler [Grunt] (23) Relay Coupler [Grunt] (27) Relay Coupler [Grunt] (29) Relay Coupler [Brawler] (29) Relay Coupler [Duelist] (25) Relay Coupler [Specialist] (30) Relay Coupler [Hunter] (13) Relay Coupler [Hunter] (13) Railgun Railgun Heavy Linear Accelerator Shock Bomb Launcher Plasma Cutter Peak State ------------ > --- POWER ------------ Improved Deuterium Engine > --- PROPULSION ------- Wheel Compact Wheel Compact Wheel > --- UTILITY ---------- Humpback Experimental Sensor Array Advanced Signal Interpreter Improved Light Armor Plating Improved Medium Armor Plating Relay Coupler [Swarmer] Relay Coupler [Grunt] > --- WEAPON ----------- Heavy Linear Accelerator Remote Datajack > --- INVENTORY -------- F-cell Engine Enhanced Optical Array Improved Light Armor Plating Relay Coupler [NC] Relay Coupler [NC] Relay Coupler [NC] Relay Coupler [NC] Relay Coupler [Swarmer] Relay Coupler [Swarmer] Relay Coupler [Swarmer] Relay Coupler [Cutter] Relay Coupler [Grunt] Relay Coupler [Grunt] Relay Coupler [Grunt] Relay Coupler [Grunt] Relay Coupler [Brawler] Relay Coupler [Duelist] Relay Coupler [Specialist] Relay Coupler [Hunter] Relay Coupler [Hunter] Railgun Railgun Heavy Linear Accelerator Heavy Linear Accelerator Heavy Linear Accelerator Shock Bomb Launcher Rocket Launcher Plasma Cutter Plasma Cutter [Rating: 69] Favorites ----------- Power Cooled Ion Engine Engine Cooled Ion Engine Power Core Nuclear Core Propulsion Compact Wheel Treads Light Treads Leg Aluminum Leg Wheel Compact Wheel Utility Humpback Device Improved Heat Sink Storage Humpback Processor Advanced Signal Interpreter Hackware Relay Coupler [Grunt] Protection Medium Armor Plating Weapon Heavy EM Shotgun Energy Gun Heavy EM Shotgun Ballistic Gun Railgun Ballistic Cannon Light Cannon Launcher Rocket Launcher Special Weapon Remote Datajack Impact Weapon Heavy Flail Build | -11 -10 -10 -9 -9 -9 -8 -8 -8 -8 -8 -7 -7 -6 -6 -6 -6 -6 -6 ------- Run | Yrd Mat Min Mat Min Exi Min Mat Gar Mat Gar Fac Gar Fac Gar Fac Low Low Dat Slots Evolved 8 | . . . 2 . . . 2 . . . 2 . 2 . . . . . Power . | . . . . . . . . . . . . . . . . . . . Propulsion 1 | . . . . . . . 1 . . . . . . . . . . . Utility 6 | . . . 1 . . . 1 . . . 2 . 2 . . . . . Weapon 1 | . . . 1 . . . . . . . . . . . . . . . Parts Attached 90 | . 7 1 15 3 3 . 11 10 4 5 2 17 4 2 2 1 2 1 Power 7 | . . . 3 . . . 2 . 1 . . . 1 . . . . . Engine 6 | . . . 3 . . . 1 . 1 . . . 1 . . . . . Core 1 | . . . . . . . 1 . . . . . . . . . . . Reactor . | . . . . . . . . . . . . . . . . . . . Propulsion 20 | . 2 . 2 . 2 . 2 2 2 2 1 3 . . 2 . . . Treads 4 | . 2 . 1 . 1 . . . . . . . . . . . . . Leg . | . . . . . . . . . . . . . . . . . . . Wheel 16 | . . . 1 . 1 . 2 2 2 2 1 3 . . 2 . . . Hover . | . . . . . . . . . . . . . . . . . . . Flight . | . . . . . . . . . . . . . . . . . . . Utility 33 | . 3 1 5 2 1 . 1 2 1 3 1 8 3 1 . 1 . . Device 10 | . 1 . 3 2 . . . . . 1 1 2 . . . . . . Storage 5 | . 2 . . . 1 . . . . 1 . 1 . . . . . . Processor 1 | . . . . . . . . . . . . . . . . 1 . . Hackware 5 | . . . . . . . . . . . . 1 3 1 . . . . Protection 12 | . . 1 2 . . . 1 2 1 1 . 4 . . . . . . Artifact . | . . . . . . . . . . . . . . . . . . . Weapon 30 | . 2 . 5 1 . . 6 6 . . . 6 . 1 . . 2 1 Energy Gun 13 | . . . 4 . . . 5 4 . . . . . . . . . . Energy Cannon . | . . . . . . . . . . . . . . . . . . . Ballistic Gun 4 | . . . . . . . . . . . . 2 . . . . 2 . Ballistic Cannon 7 | . 2 . 1 . . . . . . . . 2 . 1 . . . 1 Launcher 2 | . . . . 1 . . . 1 . . . . . . . . . . Special Weapon 3 | . . . . . . . . 1 . . . 2 . . . . . . Impact Weapon 1 | . . . . . . . 1 . . . . . . . . . . . Slashing Weapon . | . . . . . . . . . . . . . . . . . . . Piercing Weapon . | . . . . . . . . . . . . . . . . . . . Special Melee Weapon . | . . . . . . . . . . . . . . . . . . . Unidentified Prototypes 4 | . . . 2 1 . . 1 . . . . . . . . . . . Parts Lost 54 | . 1 . . . . . 6 6 2 21 1 9 . . 3 . . 5 Power 1 | . . . . . . . . . 1 . . . . . . . . . Propulsion 18 | . 1 . . . . . 1 3 1 4 1 2 . . 3 . . 2 Utility 19 | . . . . . . . 1 2 . 9 . 5 . . . . . 2 Weapon 13 | . . . . . . . 4 1 . 5 . 2 . . . . . 1 Highest Loss Streak 16 | . 1 . . . . . 2 2 2 16 1 4 . . 2 . . 5 To Critical Strikes 3 | . . . . . . . . . . 3 . . . . . . . . Average Backups 22 | 6 8 12 14 15 16 21 24 25 28 20 27 28 30 30 31 29 27 24 Power 1 | 1 1 1 1 1 1 1 1 1 . 1 2 2 1 1 1 1 1 1 Propulsion 3 | 4 3 4 5 4 3 5 4 3 3 2 3 2 2 3 1 . . . Utility 10 | . . . 2 3 6 9 9 12 15 10 16 15 16 17 19 19 20 18 Weapon 6 | 1 3 6 5 5 4 5 7 7 7 5 4 6 8 7 7 7 4 4 Tool/Special . | . . . . . . . . . . . . . . . . . . . Unused Backups 60 | . 6 . 12 1 . 1 5 . 2 3 1 1 2 4 . . 1 21 Power 8 | . . . 2 . . . 3 . . . . . 2 . . . . 1 Propulsion 9 | . 2 . 3 1 . 1 . . . . 1 1 . . . . . . Utility 32 | . 2 . 2 . . . . . 2 3 . . . 3 . . . 20 Weapon 11 | . 2 . 5 . . . 2 . . . . . . 1 . . 1 . Tool/Special . | . . . . . . . . . . . . . . . . . . . Average Slot Usage (%) 89 | . 96 100 98 100 92 88 89 84 83 89 83 76 83 85 83 85 91 82 Engine 8 | . 14 14 11 11 11 11 6 9 9 9 7 7 6 6 6 6 6 6 Treads 5 | . 20 28 15 11 4 . . . . . . . . . . . . . Wheel 17 | . . . 6 11 17 22 26 24 20 27 22 22 20 20 16 19 20 20 Device 8 | . 11 11 10 11 8 11 9 9 9 9 15 11 5 . . 5 6 6 Storage 9 | . 14 14 11 11 11 11 9 9 9 8 7 7 6 6 6 6 6 6 Hackware 5 | . . . . . . . . . . . . 2 17 26 26 13 13 13 Protection 8 | . . 2 11 10 5 . 8 8 9 8 7 6 13 13 13 13 13 13 Energy Gun 14 | . 4 . 18 32 33 33 26 24 26 26 23 6 . . . . . . Ballistic Cannon 6 | . 23 28 13 . . . . . . . . 4 6 5 6 6 1 1 Special Weapon 1 | . . . . . . . . . . . . 3 6 6 6 6 6 7 Peak Build Rating 69 | 6 10 10 25 34 30 31 35 35 39 39 40 56 62 65 65 69 69 66 Average Rating 37 | 6 8 9 18 26 28 30 33 33 35 33 36 42 58 63 64 68 65 55 On Entrance 36 | 6 6 10 9 25 27 30 31 33 35 39 34 36 56 62 65 64 69 64 Avg Prop Armor Cover (%) 6 | . . . 6 6 6 . . . . . . . . . . 1 . . Naked Turns . | . . . . . . . . . . . . . . . . . . . Heaviest Build 251 | 11 30 32 47 45 218 218 227 227 228 231 229 251 251 250 250 251 251 251 Greatest Support 48 | 20 40 40 40 12 40 24 40 40 44 38 30 48 48 48 48 42 42 42 Greatest Overweight (x) 15 | . 1 . 3 3 9 9 5 8 8 11 11 9 5 5 7 15 5 15 Average Overweight (x) 4 | . . . 1 3 4 9 5 6 6 6 7 5 5 4 5 5 5 5 Largest Inventory Capacity 35 | 8 15 15 15 15 35 35 35 35 35 35 35 35 35 35 35 35 35 35 Average Capacity 28 | 8 10 15 15 15 24 35 35 35 35 34 35 35 35 35 35 35 35 35 Most Carried 35 | 6 11 15 15 15 26 29 33 34 35 35 32 35 34 35 35 35 35 35 Average Carried 25 | 6 8 12 14 14 19 28 30 31 34 22 28 31 33 33 34 32 34 33 Final Capacity 35 | 8 15 15 15 15 35 35 35 35 35 35 35 35 35 35 35 35 35 35 Final Carried 35 | 6 10 15 15 15 26 29 30 34 35 27 31 34 33 35 35 34 35 26 Class Distribution -------------------- 34% | Hauler-Skirmisher 27% | Botlord-Tank 16% | Tank 12% | Mutant Dominant Class ---------------- Mutant | -10/Materials Mutant | -10/Mines Tank | -9/Materials Tank | -9/Mines Hauler-Gunner | -9/Exiles Hauler-Skirmisher | -8/Mines Hauler-Skirmisher | -8/Materials Hauler-Skirmisher | -8/Garrison Hauler-Skirmisher | -8/Materials Hauler-Skirmisher | -8/Garrison Hauler-Skirmisher | -7/Factory Hauler-Tank | -7/Garrison Botlord-Tank | -6/Factory Botlord-Tank | -6/Garrison Botlord-Tank | -6/Factory Botlord-Tank | -6/Lower Caves Botlord-Tank | -6/Lower Caves Botlord-Mutant | -6/Data Miner Resources | -11 -10 -10 -9 -9 -9 -8 -8 -8 -8 -8 -7 -7 -6 -6 -6 -6 -6 -6 ----------- Run | Yrd Mat Min Mat Min Exi Min Mat Gar Mat Gar Fac Gar Fac Gar Fac Low Low Dat Matter Collected 4375 | 200 377 114 847 72 40 20 220 234 77 304 30 543 95 502 125 223 352 . Remotely . | . . . . . . . . . . . . . . . . . . . Salvage Created 9269 | . 746 205 1728 871 . 79 1715 856 497 1320 159 743 90 97 . 95 68 . Parts 502 | . 48 7 116 44 . 5 86 47 31 47 10 49 5 4 . 1 2 . Haulers Intercepted 14 | . 2 . 6 . . . 5 . 1 . . . . . . . . . Recyclers Shooed 3 | . . . 2 . . . . . 1 . . . . . . . . . Parts Field Recycled . | . . . . . . . . . . . . . . . . . . . Retrieved Matter . | . . . . . . . . . . . . . . . . . . . Parts Self-Destructed 12 | . . . . . . . . . . . . . . . . 4 8 . Prevented 5 | . . . . . . . . . . . . . . . . . 5 . Parts Restored . | . . . . . . . . . . . . . . . . . . . Kills | -11 -10 -10 -9 -9 -9 -8 -8 -8 -8 -8 -7 -7 -6 -6 -6 -6 -6 -6 ------- Run | Yrd Mat Min Mat Min Exi Min Mat Gar Mat Gar Fac Gar Fac Gar Fac Low Low Dat Combat Hostiles Destroyed 193 | . 20 6 32 17 . . 20 23 13 28 . 31 . 2 . 1 . . Guns 104 | . 5 . 15 14 . . 14 14 8 27 . 7 . . . . . . Cannons 46 | . 15 6 17 . . . . . . . . 5 . 2 . 1 . . AOE 39 | . . . . 3 . . 5 7 4 1 . 19 . . . . . . Classes Destroyed 18 | . 5 2 5 1 . . 2 1 . 1 . . . . . . 1 . Worker 6 | . . . 2 . . 1 1 . 1 . 1 . . . . . . . Builder 10 | . 1 . 2 1 . . 3 . 2 . . . . . 1 . . . Tunneler 2 | . . . 2 . . . . . . . . . . . . . . . Hauler 14 | . 2 . 6 . . . 5 . 1 . . . . . . . . . Recycler 12 | . . . 3 3 . 1 1 . 1 . 2 . 1 . . . . . Minesweeper 2 | . . . . . . . . . . . . . . . . . 2 . Mechanic 1 | . . . . 1 . . . . . . . . . . . . . . Operator 4 | . . . 1 . . . 2 . 1 . . . . . . . . . Watcher 9 | . 2 . 3 . . . 4 . . . . . . . . . . . Swarmer 48 | . 3 . 7 3 . . . 10 8 1 . 16 . . . . . . Cutter 2 | . . . . . . . . . . 2 . . . . . . . . Grunt 86 | . 17 4 14 11 . . 10 8 4 9 . 8 . 1 . . . . Brawler 2 | . . . 1 1 . . . . . . . . . . . . . . Duelist 3 | . . . . . . . 1 . . . . 1 . 1 . . . . Sentry 32 | . . 1 10 . . . 7 2 1 9 . 1 . . . 1 . . Hunter 6 | . . . . . . . 2 1 . 1 . 2 . . . . . . Programmer 11 | . . . . . . . . 2 . 6 . 3 . . . . . . Packrat 1 | . . . . . . . . . . . . . . . . 1 . . Assembled 3 | . . 1 . 2 . . . . . . . . . . . . . . Best Kill Streak 15 | . 6 2 6 5 . 1 7 15 9 4 3 10 1 1 1 1 1 . Combat Bots Only 15 | . 4 2 4 4 . . 4 15 5 4 . 10 . 1 . 1 . . Max Kills in Single Turn 4 | . 1 2 2 4 . 1 3 4 3 2 1 4 1 1 1 1 1 . Gunslinging 1 | . . . 1 1 . . . 1 1 1 . . . . . . . . Exploded 4 | . . . . 3 . . 1 3 3 1 . 4 . . . . . . Melee . | . . . . . . . . . . . . . . . . . . . Uniques/NPCs Destroyed . | . . . . . . . . . . . . . . . . . . . Combat | -11 -10 -10 -9 -9 -9 -8 -8 -8 -8 -8 -7 -7 -6 -6 -6 -6 -6 -6 -------- Run | Yrd Mat Min Mat Min Exi Min Mat Gar Mat Gar Fac Gar Fac Gar Fac Low Low Dat Hostile Shots Fired 684 | . 51 15 95 20 . . 61 80 45 135 8 112 3 9 9 27 7 7 Missed 215 | . 17 7 25 9 . . 23 25 17 33 1 41 . 1 2 11 2 1 Hits 469 | . 34 8 70 11 . . 38 55 28 102 7 71 3 8 7 16 5 6 Melee 5 | . . . . 1 . . . . . 3 . 1 . . . . . . Projectile 464 | . 34 8 70 10 . . 38 55 28 99 7 70 3 8 7 16 5 6 AOE 2 | . . . . . . . . . . 2 . . . . . . . . Critical Strikes 15 | . 1 . 1 . . . . 3 1 8 1 . . . . . . . Part Disruptions 1 | . . . . . . . . . . . . . . . . 1 . . Damage Taken 7172 | . 381 112 704 167 . . 681 784 313 1580 133 1057 52 351 326 161 89 281 Core 845 | . 93 . 93 20 . . 63 58 24 230 17 68 . 24 . 41 20 94 Absorbed by Shields 173 | . . . 163 . . . . . . . . . . 10 . . . . Regen/Repaired (Parts) 231 | . . . 231 . . . . . . . . . . . . . . . Core Remaining (%) 70 | 100 . 62 . . . 71 . . . 31 . 87 . . . . . . Volleys Fired 575 | . 54 13 83 25 . 2 51 43 30 116 8 49 8 34 19 13 26 1 Largest 3 | . 2 2 3 3 . 3 3 3 3 3 3 3 1 1 1 1 2 1 Hottest 165 | . 90 60 150 150 . 150 150 165 165 165 165 165 70 70 70 70 70 70 Shots Fired 1269 | . 108 26 248 67 . 6 143 99 87 256 24 84 8 34 19 13 46 1 Gun 879 | . 30 . 86 65 . 6 143 92 85 255 24 54 . . . . 39 . Cannon 329 | . 78 26 162 . . . . . . . . 11 2 17 18 11 3 1 Launcher 28 | . . . . 2 . . . 7 2 1 . 16 . . . . . . Special 33 | . . . . . . . . . . . . 3 6 17 1 2 4 . Kinetic 382 | . 78 26 162 . . . . . . . . 25 2 17 18 11 42 1 Thermal 472 | . 30 . . . . . . 40 85 253 24 40 . . . . . . Explosive 22 | . . . . 2 . . . 2 2 . . 16 . . . . . . Electromagnetic 360 | . . . 86 65 . 6 143 57 . 3 . . . . . . . . Robot Hit Streak 18 | . 7 7 18 13 . 2 12 10 10 9 10 7 10 16 3 2 4 . Robot Miss Streak 8 | . 3 3 8 7 . 2 5 3 3 3 1 4 1 2 3 3 6 . Penetration Max 1 | . . . . . . . . . . . . 1 . . . . 1 . Secondary Targets 25 | . 2 . 4 2 . . 1 2 3 9 . 2 . . . . . . Max Gunslinging Chain 1 | . 1 . 1 1 . . 1 1 1 1 . 1 . . . . . . Shots Hit Robots 725 | . 63 17 138 37 . 3 108 66 49 133 15 43 6 23 2 6 16 . Core Hits 378 | . 29 8 67 36 . 2 72 37 23 45 3 45 1 2 1 2 5 . Critical Kills . | . . . . . . . . . . . . . . . . . . . Critical Parts Destroyed 1 | . . . . . . . . . . . . . . . . . 1 . Critical Strikes 27 | . 4 1 5 . . . . 1 2 9 1 2 1 . . . 1 . Burn 18 | . 3 . . . . . . 1 2 9 1 2 . . . . . . Destroy 1 | . . . . . . . . . . . . . . . . . 1 . Blast 8 | . 1 1 5 . . . . . . . . . 1 . . . . . Melee Attacks 4 | . . . . . . . 4 . . . . . . . . . . . Impact 4 | . . . . . . . 4 . . . . . . . . . . . Slashing . | . . . . . . . . . . . . . . . . . . . Piercing . | . . . . . . . . . . . . . . . . . . . Sneak Attacks . | . . . . . . . . . . . . . . . . . . . Combat Hostiles . | . . . . . . . . . . . . . . . . . . . Follow-up Attacks . | . . . . . . . . . . . . . . . . . . . Damage Inflicted 18400 | . 1062 318 3068 956 . 43 2600 1745 1282 2820 323 2540 74 689 81 405 394 . Guns 9943 | . 239 . 998 686 . 43 1946 1083 927 2759 288 580 . . . . 394 . Cannons 4337 | . 816 313 1575 . . . . . . . . 384 74 689 81 405 . . Explosions 4044 | . . . 466 270 . . 654 662 355 61 . 1576 . . . . . . Melee . | . . . . . . . . . . . . . . . . . . . Ramming 76 | . 7 5 29 . . . . . . . 35 . . . . . . . Kinetic 4880 | . 816 313 1575 . . . . . . . . 533 74 689 81 405 394 . Thermal 6566 | . 239 . 466 47 . . 654 755 927 2759 288 431 . . . . . . Explosive 2376 | . . . . 223 . . . 222 355 . . 1576 . . . . . . Electromagnetic 4502 | . . . 998 686 . 43 1946 768 . 61 . . . . . . . . Impact . | . . . . . . . . . . . . . . . . . . . Slashing . | . . . . . . . . . . . . . . . . . . . Piercing . | . . . . . . . . . . . . . . . . . . . Highest Corruption 7 | . . . . . . . . 4 4 7 2 4 . . 7 7 7 7 Average Corruption 5 | . . . . . . . . 3 4 5 2 2 . . 7 7 7 7 Corruption Purged . | . . . . . . . . . . . . . . . . . . . Corruption Blocked . | . . . . . . . . . . . . . . . . . . . Effects 193 | . . . . . . . . 8 13 60 . 18 . . 14 40 36 4 Message Errors 43 | . . . . . . . . 1 1 18 . 5 . . . 6 9 3 Matter Fused 39 | . . . . . . . . 2 3 9 . 4 . . 1 12 7 1 Heat Flow Errors 29 | . . . . . . . . 1 3 7 . 2 . . 5 4 7 . Energy Discharges 26 | . . . . . . . . 3 1 5 . . . . 5 9 3 . Parts Rejected 3 | . . . . . . . . . 1 1 . 1 . . . . . . Parts Fused 4 | . . . . . . . . . . 1 . 2 . . . . 1 . Data Loss (minor) 21 | . . . . . . . . . 2 7 . 3 . . 1 3 5 . Data Loss (major) 14 | . . . . . . . . . . 4 . . . . 2 5 3 . Misfires 5 | . . . . . . . . . 1 3 . . . . . . 1 . Alerts 6 | . . . . . . . . 1 1 2 . 1 . . . 1 . . Weapon Failures 3 | . . . . . . . . . . 3 . . . . . . . . Overload Shots . | . . . . . . . . . . . . . . . . . . . Overflow Damage 293 | . . 5 59 . . . 35 30 15 1 . 11 . 40 . 97 . . Projectiles 143 | . . 5 1 . . . . . . . . . . 40 . 97 . . Explosions 150 | . . . 58 . . . 35 30 15 1 . 11 . . . . . . Melee . | . . . . . . . . . . . . . . . . . . . Knockbacks 17 | . 5 2 8 . . . . . . . . . . . . 2 . . Impact . | . . . . . . . . . . . . . . . . . . . Kinetic 17 | . 5 2 8 . . . . . . . . . . . . 2 . . Secondary . | . . . . . . . . . . . . . . . . . . . Self-Inflicted Damage 167 | . . . 5 1 . . 88 11 15 . 17 30 . . . . . . Shots 8 | . . . . 1 . . 4 1 1 . . 1 . . . . . . Rammed 11 | . 1 3 5 . . . . . . . 2 . . . . . . . Targets Rammed 15 | . 5 3 5 . . . . . . . 2 . . . . . . . Kicked 3 | . 3 . . . . . . . . . . . . . . . . . Crushed 1 | . 1 . . . . . . . . . . . . . . . . . Highest Temperature 383 | . 294 . 383 213 . 42 108 226 237 383 6 162 . 40 215 334 225 18 Average Temperature 81 | . 95 . 82 62 . 22 34 55 78 136 2 26 . 17 58 94 92 13 Received Heat Transfer 1622 | . 198 36 263 42 . . 189 108 90 378 81 84 . 66 18 42 27 . Effects 11 | . 1 . 1 . . . . . . 9 . . . . . . . . Shutdowns 1 | . . . . . . . . . . 1 . . . . . . . . Energy Bleed 3 | . 1 . 1 . . . . . . 1 . . . . . . . . Interference 5 | . . . . . . . . . . 5 . . . . . . . . Matter Decay 1 | . . . . . . . . . . 1 . . . . . . . . Damage (minor) 1 | . . . . . . . . . . 1 . . . . . . . . Siege Activations . | . . . . . . . . . . . . . . . . . . . Martial Activations . | . . . . . . . . . . . . . . . . . . . Shielding Activations . | . . . . . . . . . . . . . . . . . . . Robots Disrupted . | . . . . . . . . . . . . . . . . . . . Combat Hostiles . | . . . . . . . . . . . . . . . . . . . Robots Corrupted 3 | . . . . . . . 1 2 . . . . . . . . . . Combat Hostiles 3 | . . . . . . . 1 2 . . . . . . . . . . Parts Fried 34 | . . . 9 4 . . 11 7 . . . . . . . . 3 . Impact Corruptions . | . . . . . . . . . . . . . . . . . . . Robots Melted 1 | . . . . . . . . . 1 . . . . . . . . . Combat Hostiles 1 | . . . . . . . . . 1 . . . . . . . . . Parts Melted 38 | . 3 . 1 . . . . 8 4 20 . 2 . . . . . . Heat Transferred 12119 | . 842 . 500 . . . 650 1262 1887 5461 629 888 . . . . . . Parts Sabotaged . | . . . . . . . . . . . . . . . . . . . Parts Stolen . | . . . . . . . . . . . . . . . . . . . Parts Stripped . | . . . . . . . . . . . . . . . . . . . Power Chain Reactions 22 | . . . 5 1 . . 11 5 . . . . . . . . . . Alert | -11 -10 -10 -9 -9 -9 -8 -8 -8 -8 -8 -7 -7 -6 -6 -6 -6 -6 -6 ------- Run | Yrd Mat Min Mat Min Exi Min Mat Gar Mat Gar Fac Gar Fac Gar Fac Low Low Dat Maximum Alert Level 4 | . 1 . 2 1 . . . 3 2 4 2 4 2 4 3 . . . Low Security (%) 27 | 100 24 100 25 . . 100 100 7 . . . . . . . . . . Level 1 24 | . 75 . 51 99 . . . 12 71 7 2 15 . 4 . . . . Level 2 27 | . . . 23 . . . . 59 28 24 97 35 100 21 97 . . . Level 3 18 | . . . . . . . . 20 . 61 . 47 . 55 2 . . . Level 4 2 | . . . . . . . . . . 6 . 1 . 19 . . . . Level 5 . | . . . . . . . . . . . . . . . . . . . High Security . | . . . . . . . . . . . . . . . . . . . Max Security . | . . . . . . . . . . . . . . . . . . . Peak Influence 1312 | . 354 140 484 381 . 5 168 823 517 1206 632 1160 609 1312 709 . . . Initial 688 | . . 90 . 148 . . . 106 401 330 632 268 609 318 688 . . . Average 424 | . 223 21 289 295 . . 56 529 382 761 507 746 536 857 542 . . . Influence Increases 7919 | . 713 120 1095 500 . 10 718 777 390 1146 15 982 6 1194 126 21 106 . Destroy 0b10 Robot/C 4580 | . 400 100 640 340 . . 400 460 260 720 . 620 . 500 40 20 80 . Destroy 0b10 Robot/NC 310 | . 25 . 95 25 . 10 80 5 30 . 15 . 5 . 10 . 10 . Destroy Leader 666 | . 108 20 198 40 . . 138 10 62 30 . 30 . 20 10 . . . Allied During Kill 311 | . . . . 10 . . . . . 55 . . . 217 12 1 16 . Successful Hack 182 | . 27 . 25 . . . 24 14 12 21 . 30 . . 29 . . . Select Force Hacks 60 | . 60 . . . . . . . . . . . . . . . . . Disable Machine 255 | . 30 . 105 60 . . 15 . 15 . . 15 . . 15 . . . Anti-Garrison Action 1000 | . . . . . . . . 200 . 200 . 250 . 350 . . . . Destroy Structure 315 | . 3 . 32 25 . . 46 43 11 60 . 37 1 47 10 . . . Lose Combat Pursuer 240 | . 60 . . . . . 15 45 . 60 . . . 60 . . . . Influence Decreases 7919 | . 482 351 714 629 252 10 554 118 704 449 838 205 711 337 1028 431 106 . Entered New Map 3438 | . . 141 . 233 252 . . 58 422 179 574 115 551 137 624 152 . . Time Decay 3521 | . 472 210 564 356 . 10 494 . 262 . 254 . 140 . 374 279 106 . Lost Part 490 | . 10 . . . . . 60 60 20 210 10 90 . . 30 . . . Lost Ally 320 | . . . . 40 . . . . . 60 . . 20 200 . . . . Purge Threat 150 | . . . 150 . . . . . . . . . . . . . . . Squads Dispatched 22 | . 6 . 3 2 . . 2 . 3 . 4 . 1 . 1 . . . Investigation 5 | . 4 . 1 . . . . . . . . . . . . . . . Extermination 1 | . . . . . . . . . . . . . . . 1 . . . Reinforcement 7 | . 2 . 2 . . . 1 . . . 1 . 1 . . . . . Assault 4 | . . . . 2 . . . . . . 2 . . . . . . . Garrison 5 | . . . . . . . 1 . 3 . 1 . . . . . . . Intercept . | . . . . . . . . . . . . . . . . . . . Searches Triggered . | . . . . . . . . . . . . . . . . . . . Construction Impeded . | . . . . . . . . . . . . . . . . . . . Haulers Reinforced . | . . . . . . . . . . . . . . . . . . . Active Scanning Responses . | . . . . . . . . . . . . . . . . . . . Cargo Convoy Interrupts . | . . . . . . . . . . . . . . . . . . . Stealth | -11 -10 -10 -9 -9 -9 -8 -8 -8 -8 -8 -7 -7 -6 -6 -6 -6 -6 -6 --------- Run | Yrd Mat Min Mat Min Exi Min Mat Gar Mat Gar Fac Gar Fac Gar Fac Low Low Dat Distress Signals 12 | . 1 2 4 . . . 4 . 1 . . . . . . . . . Communications Jammed . | . . . . . . . . . . . . . . . . . . . Distress Signals . | . . . . . . . . . . . . . . . . . . . Times Spotted 283 | . 29 6 47 18 . . 32 24 15 35 2 27 3 30 6 1 4 4 Peak Tracking Total 8 | . 5 2 4 4 . . 3 3 5 7 2 8 1 4 3 1 3 4 Tactical Retreats 11 | . 2 . . 1 . . 1 2 . 2 . . . 3 . . . . Traps | -11 -10 -10 -9 -9 -9 -8 -8 -8 -8 -8 -7 -7 -6 -6 -6 -6 -6 -6 ------- Run | Yrd Mat Min Mat Min Exi Min Mat Gar Mat Gar Fac Gar Fac Gar Fac Low Low Dat Traps Triggered 27 | . 2 . 1 . . . . 2 . 7 . 4 . 10 . 1 . . Indirectly . | . . . . . . . . . . . . . . . . . . . Trap Hack Attempts . | . . . . . . . . . . . . . . . . . . . Triggered . | . . . . . . . . . . . . . . . . . . . Disarmed . | . . . . . . . . . . . . . . . . . . . Reprogrammed . | . . . . . . . . . . . . . . . . . . . Reused . | . . . . . . . . . . . . . . . . . . . Traps Extracted . | . . . . . . . . . . . . . . . . . . . Installed 1 | . . . . . . . . . . . . . . . . . . 1 Triggered . | . . . . . . . . . . . . . . . . . . . Most Traps Carried 7 | . . . . . . . . . . . . . . . . . 7 7 Machines | -11 -10 -10 -9 -9 -9 -8 -8 -8 -8 -8 -7 -7 -6 -6 -6 -6 -6 -6 ---------- Run | Yrd Mat Min Mat Min Exi Min Mat Gar Mat Gar Fac Gar Fac Gar Fac Low Low Dat Machines Disabled 29 | . 2 1 8 4 . . 1 2 1 . . 4 . 5 1 . . . Max in Single Turn 3 | . 1 1 3 1 . . 1 1 1 . . 1 . 1 . . . . Garrison Access 1 | . . . . . . . . . . . . . . . 1 . . . Garrison Relay 9 | . . . . . . . . 2 . . . 2 . 5 . . . . Phase Generator 1 | . . . . . . . . . . . . 1 . . . . . . Machines Repaired . | . . . . . . . . . . . . . . . . . . . Machines Dismantled 10 | . . . . . . . . 2 . . . 3 . 5 . . . . Machines Sabotaged . | . . . . . . . . . . . . . . . . . . . Overloaded Fab Kills . | . . . . . . . . . . . . . . . . . . . Hacking | -11 -10 -10 -9 -9 -9 -8 -8 -8 -8 -8 -7 -7 -6 -6 -6 -6 -6 -6 --------- Run | Yrd Mat Min Mat Min Exi Min Mat Gar Mat Gar Fac Gar Fac Gar Fac Low Low Dat Machines Accessed 58 | . 8 . 11 . 2 . 11 2 4 3 3 3 2 2 4 . . 3 Terminals 41 | . 6 . 8 . . . 8 2 3 3 2 3 1 2 3 . . . Fabricators . | . . . . . . . . . . . . . . . . . . . Repair Stations 2 | . . . 2 . . . . . . . . . . . . . . . Recycling Units 2 | . 2 . . . . . . . . . . . . . . . . . Scanalyzers 3 | . . . 1 . . . 2 . . . . . . . . . . . Garrison Access 5 | . . . . . . . 1 . 1 . 1 . 1 . 1 . . . Total Hacks 156 | . 24 . 36 . 2 . 27 3 10 8 4 4 4 2 10 . . 22 Successful 102 | . 12 . 28 . 2 . 17 2 6 2 1 2 1 . 7 . . 22 Failed 53 | . 12 . 8 . . . 9 1 4 6 3 2 3 2 3 . . . Catastrophic 7 | . . . . . . . . . . 1 2 . 1 2 1 . . . Database Lockouts 1 | . . . . . . . 1 . . . . . . . . . . . Manual 74 | . 15 . 22 . 1 . 18 . 9 . 1 . 3 . 5 . . . Terminals 112 | . 22 . 27 . . . 23 3 9 8 3 4 3 2 8 . . . Fabricators . | . . . . . . . . . . . . . . . . . . . Repair Stations 6 | . . . 6 . . . . . . . . . . . . . . . Recycling Units 2 | . 2 . . . . . . . . . . . . . . . . . Scanalyzers 6 | . . . 3 . . . 3 . . . . . . . . . . . Garrison Access 6 | . . . . . . . 1 . 1 . 1 . 1 . 2 . . . Terminal Hacks 52 | . 7 . 9 . 2 . 3 2 . 2 . 2 . . 3 . . 22 Record 3 | . . . . . 1 . . . . . . . . . . . . 2 Part Schematic 13 | . . . . . . . . . . . . . . . . . . 13 Robot Schematic 4 | . . . . . . . . . . . . . . . . . . 4 Robot Analysis 3 | . 1 . 2 . . . . . . . . . . . . . . . Prototype ID Bank 13 | . 3 . 3 . . . 3 . . . . . . . 1 . . 3 Open Door 1 | . . . . . . . . . . 1 . . . . . . . . Branch Access Points 1 | . . . . . . . . . . . . . . . 1 . . . Emergency Access Points 2 | . . . . . . . . 1 . 1 . . . . . . . . Terminal Index 2 | . 1 . . . . . . . . . . . . . 1 . . . Alert Level 1 | . . . 1 . . . . . . . . . . . . . . . Unreport Threat 1 | . . . 1 . . . . . . . . . . . . . . . Locate Traps 4 | . 2 . 2 . . . . . . . . . . . . . . . Garrison Registry 1 | . . . . . . . . . . . . 1 . . . . . . Patrol Navigation 1 | . . . . . . . . 1 . . . . . . . . . . Security Stations 1 | . . . . . . . . . . . . 1 . . . . . . Proto ID Catalog 1 | . . . . . 1 . . . . . . . . . . . . . Fabricator Hacks . | . . . . . . . . . . . . . . . . . . . Repair Station Hacks 6 | . . . 6 . . . . . . . . . . . . . . . Scan Component 3 | . . . 3 . . . . . . . . . . . . . . . Repair 3 | . . . 3 . . . . . . . . . . . . . . . Recycling Unit Hacks . | . . . . . . . . . . . . . . . . . . . Scanalyzer 5 | . . . 3 . . . 2 . . . . . . . . . . . Retrieve Study 5 | . . . 3 . . . 2 . . . . . . . . . . . Garrison Access Hacks 6 | . . . . . . . 1 . 1 . 1 . 1 . 2 . . . Unlock Access 4 | . . . . . . . 1 . 1 . 1 . 1 . . . . . Seal Access 1 | . . . . . . . . . . . . . . . 1 . . . Coupler Status 1 | . . . . . . . . . . . . . . . 1 . . . Unauthorized Hacks 33 | . 5 . 10 . . . 11 . 5 . . . . . 2 . . . Terminals 31 | . 3 . 10 . . . 11 . 5 . . . . . 2 . . . Assimilate 4 | . . . 1 . . . 1 . . . . . . . 2 . . . Botnet 14 | . 3 . 4 . . . 5 . 2 . . . . . . . . . Skim 13 | . . . 5 . . . 5 . 3 . . . . . . . . . Fabricators . | . . . . . . . . . . . . . . . . . . . Repair Stations . | . . . . . . . . . . . . . . . . . . . Recycling Units 2 | . 2 . . . . . . . . . . . . . . . . . Tunnel 2 | . 2 . . . . . . . . . . . . . . . . . Scanalyzers . | . . . . . . . . . . . . . . . . . . . Garrison Access . | . . . . . . . . . . . . . . . . . . . Data Cores Recovered 2 | . . . 1 . . . 1 . . . . . . . . . . . Used 1 | . . . . . . . 1 . . . . . . . . . . . Hacking Detections 41 | . 6 . 8 . . . 10 1 2 2 3 2 2 2 3 . . . Full Trace Events 1 | . . . 1 . . . . . . . . . . . . . . . Feedback Events . | . . . . . . . . . . . . . . . . . . . Feedback Blocked . | . . . . . . . . . . . . . . . . . . . Robot Schematics Acquired 4 | . . . . . . . . . . . . . . . . . . 4 Robots Built . | . . . . . . . . . . . . . . . . . . . Authchips . | . . . . . . . . . . . . . . . . . . . Time . | . . . . . . . . . . . . . . . . . . . Total Robot Build Rating . | . . . . . . . . . . . . . . . . . . . Part Schematics Acquired 13 | . . . . . . . . . . . . . . . . . . 13 Parts Built . | . . . . . . . . . . . . . . . . . . . Authchips . | . . . . . . . . . . . . . . . . . . . Time . | . . . . . . . . . . . . . . . . . . . Total Part Build Rating . | . . . . . . . . . . . . . . . . . . . Part Studies Acquired 4 | . . . 2 . . . 2 . . . . . . . . . . . Parts Repaired 3 | . . . 3 . . . . . . . . . . . . . . . Time 112 | . . . 112 . . . . . . . . . . . . . . . Parts Recycled . | . . . . . . . . . . . . . . . . . . . Recycled Matter . | . . . . . . . . . . . . . . . . . . . Retrieved Matter . | . . . . . . . . . . . . . . . . . . . Retrieved Components . | . . . . . . . . . . . . . . . . . . . Parts Scanalyzed . | . . . . . . . . . . . . . . . . . . . Part Schematics Acquired . | . . . . . . . . . . . . . . . . . . . Parts Damaged . | . . . . . . . . . . . . . . . . . . . Bothacking | -11 -10 -10 -9 -9 -9 -8 -8 -8 -8 -8 -7 -7 -6 -6 -6 -6 -6 -6 ------------ Run | Yrd Mat Min Mat Min Exi Min Mat Gar Mat Gar Fac Gar Fac Gar Fac Low Low Dat Used RIF Installer 6 | . . . . . . . . 2 . 2 . 1 . 1 . . . . Hotswap 1 | . . . . . . . . 1 . . . . . . . . . . Command Fork 1 | . . . . . . . . . . 1 . . . . . . . . Zone Cloak 1 | . . . . . . . . . . . . . . 1 . . . . Watcher Feeds 1 | . . . . . . . . . . 1 . . . . . . . . Autooverride 1 | . . . . . . . . . . . . 1 . . . . . . Robots Hacked 26 | . . . . . . . . . . . . 2 3 16 2 . 3 . Non-combat 1 | . . . . . . . . . . . . . 1 . . . . . Combat 25 | . . . . . . . . . . . . 2 2 16 2 . 3 . Autooverrided 6 | . . . . . . . . . . . . 1 . 2 1 . 2 . Robot Hacks Applied 22 | . . . . . . . . . . . . 2 4 14 1 . 1 . find_garrison 1 | . . . . . . . . . . . . . 1 . . . . . overload_power 1 | . . . . . . . . . . . . . . 1 . . . . disable_weapons 2 | . . . . . . . . . . . . . . 1 1 . . . overwrite_iff 5 | . . . . . . . . . . . . . . 5 . . . . formatsys_high 13 | . . . . . . . . . . . . 2 3 7 . . 1 . Relay Couplers Released 36 | . . . . . . . . 8 . . . 8 . 20 . . . . Machine Destruction 36 | . . . . . . . . 8 . . . 8 . 20 . . . . Attached 5 | . . . . . . . . . . . . 1 3 1 . . . . Fabnet Peak Effective % . | . . . . . . . . . . . . . . . . . . . Robots Rewired 6 | . . . . . . . . . . 3 . . . 3 . . . . Allies Hacked . | . . . . . . . . . . . . . . . . . . . Hacks Repelled . | . . . . . . . . . . . . . . . . . . . Allies | -11 -10 -10 -9 -9 -9 -8 -8 -8 -8 -8 -7 -7 -6 -6 -6 -6 -6 -6 -------- Run | Yrd Mat Min Mat Min Exi Min Mat Gar Mat Gar Fac Gar Fac Gar Fac Low Low Dat Total Allies 34 | . . . . 3 . . . . . 3 . 2 3 18 2 . 3 . Largest Group 8 | . . . . 3 . . . . . 3 . 2 4 8 5 3 4 3 Highest-Rated Group 250 | . . . . 76 . . . . . 93 . 64 131 250 156 67 96 67 Highest-Rated Ally 41 | . . . . 31 . . . . . 31 . 32 41 41 41 29 29 29 Total Orders 3 | . . . . . . . . . . . . . . 2 . . . 1 STAY 2 | . . . . . . . . . . . . . . 1 . . . 1 FOLLOW 1 | . . . . . . . . . . . . . . 1 . . . . Ally Attacks 199 | . . . . 10 . . . . . 40 . . 2 116 16 1 14 . Total Damage 4333 | . . . . 125 . . . . . 630 . . 92 2972 299 19 196 . Kills 41 | . . . . 2 . . . . . 8 . . . 24 3 . 4 . Allies Corrupted . | . . . . . . . . . . . . . . . . . . . Allies Melted 1 | . . . . . . . . . . . . . . 1 . . . . Intel | -11 -10 -10 -9 -9 -9 -8 -8 -8 -8 -8 -7 -7 -6 -6 -6 -6 -6 -6 ------- Run | Yrd Mat Min Mat Min Exi Min Mat Gar Mat Gar Fac Gar Fac Gar Fac Low Low Dat Active Infowar (turns) 2826 | . . . . 2 . . . . . . 1 . . . . 1265 1355 203 Sensors 2825 | . . . . 2 . . . . . . . . . . . 1265 1355 203 ECM 1 | . . . . . . . . . . . 1 . . . . . . . Robot Analysis Total 3 | . 1 . 2 . . . . . . . . . . . . . . . Derelict Logs Recovered 6 | . . 1 . 2 . . . . . . . . . . . 1 2 . Drone Launches . | . . . . . . . . . . . . . . . . . . . Drone Recoveries . | . . . . . . . . . . . . . . . . . . . Exploration | -11 -10 -10 -9 -9 -9 -8 -8 -8 -8 -8 -7 -7 -6 -6 -6 -6 -6 -6 ------------- Run | Yrd Mat Min Mat Min Exi Min Mat Gar Mat Gar Fac Gar Fac Gar Fac Low Low Dat Turns Passed 19406 | 3 1243 1097 2123 804 797 553 1778 1257 578 1928 553 1218 298 1483 868 1267 1355 203 Spaces Moved 10202 | 3 676 537 1125 558 515 253 938 600 243 836 267 587 157 762 462 772 798 113 Core . | . . . . . . . . . . . . . . . . . . . Treads 1435 | . 500 537 397 . 1 . . . . . . . . . . . . . Legs 179 | 3 176 . . . . . . . . . . . . . . . . . Wheels 8588 | . . . 728 558 514 253 938 600 243 836 267 587 157 762 462 772 798 113 Hover . | . . . . . . . . . . . . . . . . . . . Flight . | . . . . . . . . . . . . . . . . . . . Fastest Speed 95 | 120 120 160 125 125 95 215 158 155 155 155 175 150 165 150 165 158 158 158 Average Speed 159 | 120 149 160 137 125 150 215 158 174 188 172 175 163 165 164 176 159 158 159 Slowest Speed 320 | 120 190 160 320 125 240 215 161 205 205 235 235 215 165 165 195 315 158 315 Overloaded Moves . | . . . . . . . . . . . . . . . . . . . Propulsion Burnouts . | . . . . . . . . . . . . . . . . . . . Robots Hopped . | . . . . . . . . . . . . . . . . . . . Potential Cave-ins 8 | . . . . . . . . . . . . . . . 8 . . . Cave-ins Triggered 1 | . . . . . . . . . . . . . . . 1 . . . Exploration Rate (%) 62 | 2 98 96 94 98 71 56 78 72 28 79 6 78 7 64 10 84 85 77 Regions Visited 18 Branch Regions 7 Pre-discovered Areas 6 | . 2 1 . . 1 . 1 . . . . . . . . . . 1 Known Exits Taken 7 | . . . . . . . 1 . 1 . 1 . 1 . 1 1 1 . Unknown Exits Taken 7 | 1 1 1 1 1 1 1 . . . . . . . . . . . . Scrap Searched 7 | . . 1 . 1 . 1 . . . . . . . . . 2 2 . Spaces Dug 18 | . . . . . . . 4 2 . . . . 1 . 8 2 . 1 Terrain Destroyed 183 | . . . 27 29 . . 46 8 8 . . 22 1 1 20 8 12 1 Melee 4 | . . . . . . . 4 . . . . . . . . . . . Projectile 45 | . . . . . . . . . . . . 2 1 1 20 8 12 1 AOE 134 | . . . 27 29 . . 42 8 8 . . 20 . . . . . . Terrain Rammed . | . . . . . . . . . . . . . . . . . . . Walls Destroyed . | . . . . . . . . . . . . . . . . . . . Machines Disabled . | . . . . . . . . . . . . . . . . . . . Actions | -11 -10 -10 -9 -9 -9 -8 -8 -8 -8 -8 -7 -7 -6 -6 -6 -6 -6 -6 --------- Run | Yrd Mat Min Mat Min Exi Min Mat Gar Mat Gar Fac Gar Fac Gar Fac Low Low Dat Total 12192 | 2 799 747 1519 613 542 259 1114 720 298 1114 331 741 189 932 488 790 852 142 Wait 717 | . 42 189 237 20 . . 78 24 9 36 43 1 14 15 2 . 7 . Move 10186 | 2 675 536 1124 557 514 252 938 598 243 835 267 586 157 761 460 771 797 113 Hop . | . . . . . . . . . . . . . . . . . . . Pick Up 157 | . 7 4 17 1 12 4 12 10 5 30 5 13 3 12 3 1 11 7 Fast Attach 35 | . 3 1 12 2 3 . 1 . 4 1 1 5 . 2 . . . . Attach 70 | . 2 . 2 . 2 . 8 8 1 9 1 15 2 11 2 3 2 2 Detach 42 | . 3 1 5 1 1 . 1 3 . 3 1 9 . 11 . 2 . 1 Swap 57 | . 2 . 7 3 1 . 14 11 2 7 1 7 2 . . . . . Drop 102 | . 6 . 27 4 9 1 7 1 4 3 2 5 2 6 1 . 8 16 Fire 575 | . 54 13 83 25 . 2 51 43 30 116 8 49 8 34 19 13 26 1 Melee 4 | . . . . . . . 4 . . . . . . . . . . . Ram 3 | . . . 1 . . . . . . . 2 . . . . . . . Kick 3 | . 3 . . . . . . . . . . . . . . . . . Crush 9 | . 2 3 4 . . . . . . . . . . . . . . . Escape Stasis 128 | . . . . . . . . 16 . 32 . 32 . 47 1 . . . Rewire 66 | . . . . . . . . . . 42 . 4 1 18 . . 1 . Trap 2 | . . . . . . . . . . . . . . . . . . 2 Miscellaneous 36 | . . . . . . . . 6 . . . 15 . 15 . . . . Route ------- -11/Scrapyard -10/Materials (discovered 5 exits: *Mat x3 / [*Min] / [*Sub]) -10/Mines (discovered 3 exits: *Mat x2 / [*Sub]) -9/Materials (discovered 5 exits: *Mat x3 / [*Min x2]) -9/Mines (discovered 4 exits: *Mat x2 / *Exi / [*Zio]) -9/Exiles (discovered 2 exits: [*Min x2]) -8/Mines (discovered 2 exits: *Mat x2) -8/Materials (discovered 5 exits: *Fac x3 / *Sto / Gar) -8/Garrison -8/Materials (discovered 3 exits: *Fac x2 / Gar) -8/Garrison (discovered 2 exits: *Fac x2) -7/Factory (discovered 6 exits: Fac x3 / Low x2 / Gar) -7/Garrison (discovered 3 exits: *Fac x3) -6/Factory (discovered 2 exits: Low / Gar) -6/Garrison (discovered 3 exits: *Fac x3) -6/Factory (discovered 2 exits: *Low x2) -6/Lower Caves -6/Lower Caves (discovered 2 exits: *Fac / *Dat) -6/Data Miner (discovered 1 exit: [*Pro]) History --------- Turn | Location | Event 1 | -11/Scrapyard | Discovered new exit (range 2) 4 | -11/Scrapyard | Entered Materials 310 | -10/Materials | Discovered new exit (range 5) 318 | -10/Materials | Build established: Mutant 410 | -10/Materials | Discovered new exit (range 7) 527 | -10/Materials | Discovered new exit (range 7) 584 | -10/Materials | Discovered new exit (range 15) 1048 | -10/Materials | Discovered new exit (range 5) 1247 | -10/Materials | Entered Mines 1274 | -10/Mines | Met a Derelict bent on vengeance 1363 | -10/Mines | Learned location of Storage (-8) 1368 | -10/Mines | Discovered new exit (range 7) 1375 | -10/Mines | Received a Rocket Launcher from a helpful Derelict 1465 | -10/Mines | Discovered new exit (range 7) 1509 | -10/Mines | Assembled infested the area 1514 | -10/Mines | Assisted by a Guerilla fighting off Assembled 2089 | -10/Mines | Found a Scrap Suit stashed away for nefarious purposes 2237 | -10/Mines | Discovered new exit (range 9) 2261 | -10/Mines | Learned 2 Materials zone layouts 2344 | -10/Mines | Entered Materials 2344 | -9/Materials | Evolved 2 slots: Utility x1, Weapon x1 2426 | -9/Materials | Discovered new exit (range 16) 2636 | -9/Materials | Discovered new exit (range 16) 2644 | -9/Materials | Build established: Tank 2902 | -9/Materials | Repaired Lgt. Treads 2929 | -9/Materials | Repaired Lgt. Cannon 3161 | -9/Materials | Discovered new exit (range 3) 3709 | -9/Materials | Discovered new exit (range 9) 3844 | -9/Materials | Discovered new exit (range 3) 4106 | -9/Materials | Repaired Hvy. EM Shotgun 4245 | -9/Materials | Loaded intel: 22 trap records 4296 | -9/Materials | Learned 2 Materials zone layouts 4339 | -9/Materials | Learned Storage trap positions 4390 | -9/Materials | Learned Materials trap positions 4418 | -9/Materials | Learned Materials trap positions 4457 | -9/Materials | Learned 4 Materials zone layouts 4467 | -9/Materials | Entered Mines 4547 | -9/Mines | Discovered new exit (range 6) 4579 | -9/Mines | Learned Materials terminal intel 4729 | -9/Mines | Met a Derelict testing a Signal Generator 4782 | -9/Mines | Excavation squad dispatched 4782 | -9/Mines | A large section of the Mines collapsed 4804 | -9/Mines | Discovered new exit (range 14) 4866 | -9/Mines | Found a damaged Exp. Sensor Array with a note attached 4869 | -9/Mines | Found Prototype Device 4869 | -9/Mines | Identified Exp. Sensor Array 4913 | -9/Mines | A Derelict revealed a hidden shortcut to a safe place 5162 | -9/Mines | Deemed a non-threat by the Exiles lab entrance 5266 | -9/Mines | Discovered new exit (range 5) 5271 | -9/Mines | Entered Exiles 5290 | -9/Exiles | Discovered new exit (range 15) 5303 | -9/Exiles | Met 8R-AWN 5323 | -9/Exiles | Met EX-HEX 5373 | -9/Exiles | Met EX-DEC 5378 | -9/Exiles | Learned location of Zion (-7) 5398 | -9/Exiles | Met EX-BIN 5416 | -9/Exiles | Aligned with FarCom system 5418 | -9/Exiles | Given EX-Vault access code 5448 | -9/Exiles | Opened EX-Vault 5457 | -9/Exiles | Found Deploy-a-Sentry 5459 | -9/Exiles | Found Deploy-a-Sentry 5461 | -9/Exiles | Found Deploy-a-Sentry 5510 | -9/Exiles | Warned to stay clear of 0b10 Research branches 5971 | -9/Exiles | Build established: Hauler-Gunner 6045 | -9/Exiles | Discovered new exit (range 10) 6068 | -9/Exiles | Left Exiles lab with Deploy-a-Sentry 6068 | -9/Exiles | Entered Mines 6377 | -8/Mines | Build established: Hauler-Skirmisher 6378 | -8/Mines | Discovered new exit (range 3) 6537 | -8/Mines | Discovered new exit (range 5) 6621 | -8/Mines | Entered Materials 6621 | -8/Materials | Evolved 2 slots: Propulsion x1, Utility x1 6622 | -8/Materials | Identified exit to Storage 6623 | -8/Materials | Loaded intel: 12 trap records 6624 | -8/Materials | Loaded intel: 12 terminal locations 7221 | -8/Materials | Discovered new exit (range 16) 7934 | -8/Materials | Central database locked down 7987 | -8/Materials | Learned 2 Storage zone layouts 8016 | -8/Materials | Learned Storage trap positions 8037 | -8/Materials | Identified exit to Factory 8050 | -8/Materials | Learned Factory stockpile data 8072 | -8/Materials | Learned location of 3 exits from Factory 8101 | -8/Materials | Learned location of Recycling (-8) 8297 | -8/Materials | Garrison activated, responded to threat 8399 | -8/Materials | Identified exit to Garrison 8399 | -8/Materials | Entered Garrison 8414 | -8/Garrison | Installed Relay Interface Framework 8465 | -8/Garrison | Triggered checkpoint 8494 | -8/Garrison | Garrison Relay disabled 8618 | -8/Garrison | Triggered checkpoint 8637 | -8/Garrison | Triggered checkpoint 8677 | -8/Garrison | Triggered checkpoint 8705 | -8/Garrison | Destroyed 15 combat bots 8777 | -8/Garrison | Triggered checkpoint 9105 | -8/Garrison | Triggered checkpoint 9335 | -8/Garrison | Expanded RIF knowledge: Hotswap 9402 | -8/Garrison | Garrison Relay disabled 9496 | -8/Garrison | Discovered new exit (range 8) 9656 | -8/Garrison | Entered Materials 9658 | -8/Materials | Loaded intel: 11 trap records 9918 | -8/Materials | Discovered exit to Factory (range 16) 9988 | -8/Materials | Garrison activated, responded to threat 10147 | -8/Materials | Found Powered Armor 10151 | -8/Materials | Found Powered Armor 10153 | -8/Materials | Found Powered Armor 10158 | -8/Materials | Found Powered Armor 10234 | -8/Materials | Identified exit to Garrison 10234 | -8/Materials | Entered Garrison 10427 | -8/Garrison | Expanded RIF knowledge: Watcher Feeds 10444 | -8/Garrison | Triggered checkpoint 10606 | -8/Garrison | Lost 16 parts (2n8u3w) 10800 | -8/Garrison | Triggered checkpoint 10838 | -8/Garrison | Triggered checkpoint 10874 | -8/Garrison | Discovered exit to Factory (range 10) 10916 | -8/Garrison | Expanded RIF knowledge: Command Fork 10955 | -8/Garrison | Triggered checkpoint 10995 | -8/Garrison | Core integrity fell below 50% 11019 | -8/Garrison | Lost 3 allies 11757 | -8/Garrison | Discovered exit to Factory (range 9) 12162 | -8/Garrison | Entered Factory 12162 | -7/Factory | Evolved 2 slots: Utility x2 12163 | -7/Factory | Identified exit to Lower Caves 12164 | -7/Factory | Identified exit to Factory 12562 | -7/Factory | First assault squad dispatched 12690 | -7/Factory | Garrison activated, responded to threat 12715 | -7/Factory | Identified exit to Garrison 12715 | -7/Factory | Entered Garrison 12736 | -7/Garrison | Expanded RIF knowledge: Autooverride 12793 | -7/Garrison | Lost 3 parts (1n2u) 12819 | -7/Garrison | Triggered checkpoint 12901 | -7/Garrison | Triggered checkpoint 12941 | -7/Garrison | Destroyed 7 combat bots 13019 | -7/Garrison | Phase Generator disabled 13032 | -7/Garrison | Learned Factory security intel 13043 | -7/Garrison | Discovered exit to Factory (range 8) 13207 | -7/Garrison | Triggered checkpoint 13227 | -7/Garrison | Build established: Hauler-Tank 13261 | -7/Garrison | Garrison Relay disabled 13330 | -7/Garrison | Triggered checkpoint 13355 | -7/Garrison | Triggered checkpoint 13357 | -7/Garrison | Triggered checkpoint 13398 | -7/Garrison | Destroyed 10 combat bots 13477 | -7/Garrison | Lost 4 parts (1n2u1w) 13561 | -7/Garrison | Discovered exit to Factory (range 10) 13579 | -7/Garrison | Triggered checkpoint 13602 | -7/Garrison | Discovered exit to Factory (range 6) 13602 | -7/Garrison | Discovered exit to Factory (range 63) 13602 | -7/Garrison | Discovered exit to Factory (range 62) 13650 | -7/Garrison | Garrison Relay disabled 13773 | -7/Garrison | Build established: Botlord-Skirmisher 13933 | -7/Garrison | Entered Factory 13933 | -6/Factory | Accompanied by 2 allies 13933 | -6/Factory | Evolved 2 slots: Utility x2 13934 | -6/Factory | Identified exit to Lower Caves 14174 | -6/Factory | Build established: Botlord-Tank 14224 | -6/Factory | Identified exit to Garrison 14231 | -6/Factory | Entered Garrison 14231 | -6/Garrison | Accompanied by 4 allies 14253 | -6/Garrison | Triggered checkpoint 14281 | -6/Garrison | Triggered checkpoint 14301 | -6/Garrison | Garrison Relay disabled 14549 | -6/Garrison | Triggered checkpoint 14555 | -6/Garrison | Spotted B-75 Beast 14581 | -6/Garrison | Allies destroyed B-75 Beast 14599 | -6/Garrison | Triggered checkpoint 14603 | -6/Garrison | Triggered checkpoint 14610 | -6/Garrison | Lost 4 allies 14740 | -6/Garrison | Lost 3 allies 14743 | -6/Garrison | Expanded RIF knowledge: Zone Cloak 14795 | -6/Garrison | Garrison Relay disabled 14847 | -6/Garrison | Discovered new exit (range 10) 15036 | -6/Garrison | Spotted B-75 Beast 15046 | -6/Garrison | Allies destroyed B-75 Beast 15105 | -6/Garrison | Discovered new exit (range 8) 15165 | -6/Garrison | Triggered checkpoint 15191 | -6/Garrison | Garrison Relay disabled 15315 | -6/Garrison | Triggered checkpoint 15367 | -6/Garrison | Discovered new exit (range 10) 15407 | -6/Garrison | Triggered checkpoint 15435 | -6/Garrison | Garrison Relay disabled 15569 | -6/Garrison | Triggered checkpoint 15604 | -6/Garrison | Garrison Relay disabled 15714 | -6/Garrison | Entered Factory 15714 | -6/Factory | Accompanied by 5 allies 16126 | -6/Factory | Crushed by falling debris 16582 | -6/Factory | Entered Lower Caves 16582 | -6/Lower Caves | Accompanied by 3 allies 17157 | -6/Lower Caves | Learned Factory stockpile data 17445 | -6/Lower Caves | Discovered new exit (range 5) 17636 | -6/Lower Caves | Attracted the attention of an 0b10 checkpoint 17844 | -6/Lower Caves | Identified exit to Lower Caves 17849 | -6/Lower Caves | Entered another Lower Caves area 17849 | -6/Lower Caves | Accompanied by 2 allies 17933 | -6/Lower Caves | Learned Factory interactive machine intel 18004 | -6/Lower Caves | Discovered new exit (range 16) 18044 | -6/Lower Caves | Identified exit to Factory 18748 | -6/Lower Caves | Identified exit to Data Miner 19204 | -6/Lower Caves | Entered Data Miner 19204 | -6/Data Miner | Accompanied by 3 allies 19206 | -6/Data Miner | Discovered new exit (range 8) 19246 | -6/Data Miner | Met Data Miner 19278 | -6/Data Miner | Learned location of Section 7 (-2) 19278 | -6/Data Miner | Acquired the access code to Warlord's prototype stash 19303 | -6/Data Miner | Received God Mode back door access code from Data Miner 19406 | -6/Data Miner | Data Conduit disabled 19407 | -6/Data Miner | Self-destructed Last Messages --------------- 19369_ Dropped Fire Trap. 19370_ Acquired Fire Trap. 19374_ Dropped Fire Trap. 19378_ Dropped Plasma Cutter. 19380_ Dropped Shock Bomb Launcher+. 19385_ Acquired Plasma Cutter. 19386_ Dropped Fire Trap. 19388_ Acquired Shock Bomb Launcher+. 19389_ Dropped Fire Trap. 19390_ BHXAOEDYC: :OEXTRWO LQEZQOHOSX| 19390_ Dropped Fire Trap. 19394_ Acquired Fire Trap. 19396_ Dropped Fire Trap. 19401_ Installed Fire Trap. 19402_ Wheel+ destroyed. 19402_ Imp. Light Armor Plating destroyed. 19403_ Com. Wheel+ destroyed. 19405_ Remote Datajack destroyed. 19405_ Imp. Medium Armor Plating destroyed. 19406_ Data Conduit disabled. Map ----- +----------------------------------------------------+ | | | | | | | | | | | | | | | | | | | | | | | | | | | | | | | | | ????????????????????????????????????????????? | | ????????????????????????????????????????????? | | ????????????????????????????????????????????? | | ????????????????????????????????????????????? | | ????????????????????????????????####????????? | | ?###############????###?#####?### #????????? | | """""""""""""""###### # # # ### #????????? | | """""""" """"""""# # #g#g## < ##????????? | | """""""" &g&g&&^ ######???? | | """"" @ !!#???? | | """"" #???? | | """" #???? | | """"" g ##???? | | """"" Y """"""""" """"""#####????? | | """""" """"###############????????? | | """""" o """""###??????????????????????? | | """""""" "#####????????????????????????? | | #######"## "#????????????????????????????? | | ??????#"### "#????????????????????????????? | | ??????#"### "#????????????????????????????? | | ??????#"## "#????????????????????????????? | | ??????#?## "#????????????????????????????? | | ????????# "#????????????????????????????? | | ????????### "#????????????????????????????? | | ??????????# "##???????????????????????????? | | ?????????## ""#???????????????????????????? | | ??????#?## ""#???????????????????????????? | | ?????##"#"X ""#???????????????????????????? | | ?????""""" "####????????????????????????? | | ?????""""" X"""""????????????????????????? | | ?????##"#"X "##"#????????????????????????? | | ??????#?## X""""#????????????????????????? | | ?????????## "##"#????????????????????????? | | ??????????#######???????????????????????????? | +----------------------------------------------------+ Best States ------------- Heat Dissipation 76 Energy Generation 23 Energy Capacity 290 Matter Stores 300 Matter Capacity 300 Sight Range 16 Robot Scan Range 20 Terrain Scan Density 10 Armor Coverage 400 Evasion (%) 55 Recoil Reduction 2 Relay Coupler Types 4 Relay Coupler Value 80 Item Schematics ----------------- Combat Drone Bay | -6/Data Miner | Free Lgt. Regenerative Plating | -6/Data Miner | Free Cld. Gravmag System | -6/Data Miner | Free Adv. EM Disruption Field | -6/Data Miner | Free Hvy. Proton Missile Launcher | -6/Data Miner | Free Imp. Gyrokinetic Inverter | -6/Data Miner | Free Adv. Target Analyzer | -6/Data Miner | Free Dispersion Rifle | -6/Data Miner | Free Variable Charge Gun | -6/Data Miner | Free Hvy. Siege Treads | -6/Data Miner | Free HERF Cannon | -6/Data Miner | Free Adv. Recalibrator | -6/Data Miner | Free Lgt. Particle Reactor | -6/Data Miner | Free Robot Schematics ------------------ B-60 Warrior | -6/Data Miner | Free R-10 Processor | -6/Data Miner | Free M-22 Extractor | -6/Data Miner | Free Y-54 Guardian | -6/Data Miner | Free Fabricated ------------ Nothing Repaired ---------- Lgt. Treads | 31% | -9/Materials Lgt. Cannon | 32% | -9/Materials Hvy. EM Shotgun | 32% | -9/Materials Studied --------- Arm. Wheel | -9/Materials | Hacked Wheel | -9/Materials | Hacked Com. Wheel | -8/Materials | Hacked Shock Bomb Launcher | -8/Materials | Hacked Alien Tech Used ----------------- None Achievements -------------- Hackerman Join The Dark Side Mindtrick My Business Is Booming Oppo Buddy Throw Away The Key You Will Be Upgraded Challenges ------------ None Game ------ Seed PitchforkSigixShredder Manual? 0 Play Time 02:07:01 Cumulative 457.8 hours Start 2025.10.23 @ 22:40:09 End 2025.11.01 @ 22:07:40 Sessions 8 Manual Loads 0 Difficulty Rogue Special Mode None Game No. 290 Rogue 290 Adventurer 0 Explorer 0 Win Type - Total 32 Types 25/1/4/2/0/0/0/0/0/0 Lore% 91 Gallery% 82 Achievement% 47 Wizard Run 0 Options --------- Layout 0 ASCII 1 Keyboard 1 Movement Arrows Keybinds 0 Fullscreen 2 Font 18/Terminus Map View 76x50 Zoom Use 0% Tactical HUD 1 Map Filters NONE Filters NONE Steam 1 RUN: ef1c6721-2b8a-4800-8d95-64085bd2cd38